 Dungeon Crawl Stone Soup version 0.27-a0-40-g5f2be0e231 (webtiles) character file.

Game seed: 6123129453628356265

1064 robertstho the Chiller (level 8, -1/58 HPs)
             Began as a Gnoll Ice Elementalist on Jan 5, 2021.
             Slain by an ogre
             ... wielding a +0 giant club
              (23 damage)
             ... on level 6 of the Dungeon.
             The game lasted 00:13:18 (5368 turns).

robertstho the Chiller (Gnoll Ice Elementalist)     Turns: 5368, Time: 00:13:19

Health: -1/58      AC:  3    Str: 11    XL:     8   Next: 27%
Magic:  12/16      EV: 13    Int: 19    God:
Gold:   90         SH:  0    Dex: 22    Spells: 3/18 levels left

rFire    . . .     SeeInvis .   r - +1 dagger (speed)
rCold    . . .     Faith    .   (no shield)
rNeg     . . .     Spirit   .   a - +0 robe
rPois    .         Reflect  .   (no helmet)
rElec    .         Harm     .   v - +0 cloak
rCorr    .         Rampage  .   (no gloves)
Will     .....                  (no boots)
Stlth    +++.......             (no amulet)
HPRegen  0.19/turn              x - +6 ring of dexterity
MPRegen  0.15/turn              y - -4 ring of evasion (curse)

@: frozen ramparts
A: distributed training, fangs 1, strong nose
a: no special abilities


You were on level 6 of the Dungeon.
You visited 1 branch of the dungeon, and saw 6 of its levels.

You collected 265 gold pieces.
You spent 175 gold pieces at shops.

Inventory:

Hand Weapons
 b - a +0 hand axe
 r - a +1 dagger of speed (weapon)
Missiles
 d - 97 sling bullets
 i - 188 stones
 o - 11 bolts
 s - 2 boomerangs (quivered)
 t - 58 arrows
Armour
 a - a +0 robe (worn)
 v - a +0 cloak (worn)
Jewellery
 x - a +6 ring of dexterity (left hand)
 y - a cursed -4 ring of evasion (right hand)
 z - an uncursed ring of positive energy {unknown}
Scrolls
 e - 2 scrolls of amnesia {unknown}
 f - 3 scrolls of teleportation
 g - 2 scrolls of remove curse
 k - 4 scrolls of blinking {unknown}
 m - a scroll of enchant armour {unknown}
 n - 2 scrolls of magic mapping
 u - a scroll of fog {unknown}
Potions
 c - a potion of lignification
 h - a potion of ambrosia
 j - a potion of invisibility
 l - a potion of might {unknown}
 q - a potion of mutation
 w - a potion of magic


   Skills:
 + Level 3.1 Fighting
 + Level 3.1 Short Blades
 + Level 3.1 Long Blades
 + Level 3.1 Axes
 + Level 3.1 Maces & Flails
 + Level 3.1 Polearms
 + Level 3.1 Staves
 + Level 3.1 Slings
 + Level 3.1 Bows
 + Level 3.1 Crossbows
 + Level 3.1 Throwing
 + Level 3.1 Armour
 + Level 5.6 Dodging
 + Level 5.2 Stealth
 + Level 3.1 Shields
 + Level 3.1 Unarmed Combat
 + Level 5.9 Spellcasting
 + Level 2.5 Conjurations
 + Level 2.5 Hexes
 + Level 2.5 Summonings
 + Level 2.5 Necromancy
 + Level 2.5 Translocations
 + Level 2.5 Transmutations
 + Level 2.5 Fire Magic
 + Level 7.6 Ice Magic
 + Level 2.5 Air Magic
 + Level 2.5 Earth Magic
 + Level 2.5 Poison Magic
 + Level 3.4 Invocations
 + Level 3.1 Evocations


You had 3 spell levels left.
You knew the following spells:

 Your Spells              Type           Power        Failure   Level
a - Freeze                Ice            100%         1%          1
b - Frozen Ramparts       Ice            68%          1%          3
c - Ozocubu's Armour      Ice            34%          1%          3
d - Hailstorm             Conj/Ice       25%          14%         4
e - Summon Ice Beast      Ice/Summ       25%          14%         4

Your spell library contained the following spells:

 Spells                   Type           Power        Failure   Level
 Animate Skeleton         Necr           30%          4%          1
 Apportation              Tloc           30%          4%          1
 Corona                   Hex            16%          4%          1
 Summon Small Mammal      Summ           60%          4%          1


Dungeon Overview and Level Annotations

Branches:
Dungeon (6/15)
 Temple: D:4-7

Altars:
Dithmenos
Fedhas
Ru
Sif Muna
Trog
Uskayaw
Vehumet

Shops:
D:4 ?   D:5 }

Annotations:
D:4 Scroll shop
D:5 Eustachio


Innate Abilities, Weirdness & Mutations

Your experience applies equally to all skills.
You have very sharp teeth.
Your uncanny sense of smell can sniff out nearby items.


Message History

Press: ? - help, Shift-Dir - straight line, f - orc wizard
Aim: an orc wizard, wielding a +0 dagger and wearing a +0 robe You freeze the orc wizard!
The orc wizard is heavily wounded.
The wall freezes the ogre.
The ogre hits you with a +0 giant club!!
The wall freezes the orc wizard.
The orc wizard casts a spell at you. The magic dart hits you!
An orc wizard comes into view. It is wielding a +0 dagger.
Casting: Freeze (safe; 1% risk of failure)
Confirm with . or Enter, or press ? or * to list all spells.
Aiming: Freeze (safe; 1% risk of failure)
Press: ? - help, Shift-Dir - straight line, f/p - orc wizard
Aim: an orc wizard, wielding a +0 dagger and wearing a +0 robe (almost dead)
You freeze the orc wizard!
You kill the orc wizard!
The wall freezes the ogre.
The ogre hits you with a +0 giant club!!
You die...

#.# #.# .. .
#.# .# .#
#.# #.##o#
######.#
.....
#......#
...#
#.###..#
..(# #.#
#..##o..####
#.#
#...@.......
#.#
##.##O..####
#.# #..
....... #.#
#####..####
#.# (.# #.#
..# #.# $#
#.# .# #.#
.#


You could see an orc warrior, an ogre and an orc wizard.

Vanquished Creatures
  Prince Ribbit (D:5)
  A black bear (D:4)
  2 big kobolds (D:3)
  6 orc wizards
  A hound (D:4)
  5 orc priests
  A bullfrog skeleton (D:4)
  3 worker ants
  Natasha (twice) (D:2)
  6 adders
  A howler monkey skeleton (D:4)
  4 worms
  3 dart slugs
  3 leopard geckos
  14 orcs
  5 giant cockroaches
  4 goblins
  11 hobgoblins
  3 jackals (D:2)
  14 kobolds
  A quokka (D:2)
  4 ball pythons
  6 bats
  4 frilled lizards
  5 rats
110 creatures vanquished.

Vanquished Creatures (collateral kills)
  An orc priest (D:4)
  An orc (D:4)
2 creatures vanquished.

Grand Total: 112 creatures vanquished

Notes
Turn   | Place    | Note
-------+----------+-------------------------------------------
     0 | D:1      | robertstho the Gnoll Ice Elementalist began the quest for
                  | the Orb.
     0 | D:1      | Reached XP level 1. HP: 13/13 MP: 6/6
   213 | D:1      | Reached XP level 2. HP: 19/19 MP: 7/7
   672 | D:1      | Reached XP level 3. HP: 12/25 MP: 5/9
   834 | D:1      | Reached skill level 5 in Spellcasting
  1073 | D:2      | Reached skill level 1 in Invocations
  1229 | D:2      | Noticed Natasha
  1236 | D:2      | Reached skill level 1 in Fighting
  1236 | D:2      | Reached skill level 1 in Short Blades
  1236 | D:2      | Reached skill level 1 in Long Blades
  1236 | D:2      | Reached skill level 1 in Axes
  1236 | D:2      | Reached skill level 1 in Maces & Flails
  1236 | D:2      | Reached skill level 1 in Polearms
  1236 | D:2      | Reached skill level 1 in Staves
  1236 | D:2      | Reached skill level 1 in Slings
  1236 | D:2      | Reached skill level 1 in Bows
  1236 | D:2      | Reached skill level 1 in Crossbows
  1236 | D:2      | Reached skill level 1 in Throwing
  1236 | D:2      | Reached skill level 1 in Armour
  1236 | D:2      | Reached skill level 1 in Shields
  1236 | D:2      | Reached skill level 1 in Unarmed Combat
  1236 | D:2      | Reached skill level 1 in Evocations
  1238 | D:2      | Killed Natasha
  1239 | D:2      | Reached XP level 4. HP: 22/32 MP: 4/11
  1415 | D:2      | Reached skill level 1 in Conjurations
  1415 | D:2      | Reached skill level 1 in Hexes
  1415 | D:2      | Reached skill level 1 in Summonings
  1415 | D:2      | Reached skill level 1 in Necromancy
  1415 | D:2      | Reached skill level 1 in Translocations
  1415 | D:2      | Reached skill level 1 in Transmutations
  1415 | D:2      | Reached skill level 1 in Fire Magic
  1415 | D:2      | Reached skill level 1 in Air Magic
  1415 | D:2      | Reached skill level 1 in Earth Magic
  1415 | D:2      | Reached skill level 1 in Poison Magic
  1509 | D:2      | Found a bloodstained altar of Trog.
  1804 | D:2      | Noticed Natasha
  1817 | D:2      | Killed Natasha
  1818 | D:2      | Reached XP level 5. HP: 21/37 MP: 9/12
  2216 | D:3      | Found a hide-covered altar of Uskayaw.
  2218 | D:3      | Found a shimmering blue altar of Sif Muna.
  2310 | D:3      | Noticed a big kobold
  2319 | D:3      | Killed a big kobold
  2413 | D:3      | Noticed a big kobold
  2424 | D:3      | Killed a big kobold
  2425 | D:3      | Reached XP level 6. HP: 38/44 MP: 14/14
  2790 | D:3      | Found a sacrificial altar of Ru.
  2792 | D:3      | Found a radiant altar of Vehumet.
  2866 | D:3      | Reached skill level 5 in Dodging
  3021 | D:3      | Learned a level 3 spell: Frozen Ramparts
  3025 | D:3      | Learned a level 3 spell: Ozocubu's Armour
  3030 | D:3      | Learned a level 4 spell: Hailstorm
  3035 | D:3      | Learned a level 4 spell: Summon Ice Beast
  3353 | D:3      | Found a blossoming altar of Fedhas.
  3415 | D:4      | Reached XP level 7. HP: 17/50 MP: 7/15
  3712 | D:4      | Found Foism's Magic Scroll Shoppe.
  3719 | D:4      | Bought a scroll of magic mapping for 45 gold pieces
  3719 | D:4      | Bought a scroll of remove curse for 39 gold pieces
  3719 | D:4      | Bought a scroll of teleportation for 39 gold pieces
  3719 | D:4      | Bought a scroll of identify for 26 gold pieces
  3719 | D:4      | Bought a scroll of identify for 26 gold pieces
  3879 | D:4      | Reached skill level 5 in Stealth
  4416 | D:4      | Found a shadowy altar of Dithmenos.
  4951 | D:5      | Entered Level 5 of the Dungeon
  4968 | D:5      | Reached XP level 8. HP: 57/57 MP: 16/16
  4981 | D:5      | Found Jixkyg Vet's Gadget Emporium.
  5069 | D:5      | Noticed Eustachio
  5070 | D:5      | Noticed Prince Ribbit
  5082 | D:5      | Killed Prince Ribbit
  5368 | D:6      | Slain by an ogre

Illustrated notes

Levels and vault maps discovered:
D:1:      co_arrival_square_in_a_square_in_a_square, layout_loops_ring
D:2:      layout_loops_ring, chequers_avenue, trog_three_pillars_becter,
          uniq_natasha
D:3:      cheibrodos_thug_alley, layout_loops_ring, marbit_many_paths,
          nicolae_overflow_hidden_temple, grunt_decor_one_mirror,
          serial_bayou_crossing
D:4:      layout_layer_cave, lemuel_doored_altar, serial_shops, shop
D:5:      layout_cave_pools, serial_shops, shop, kennysheep_dice, uniq_pikel,
          uniq_prince_ribbit1, uniq_eustachio
D:6:      kennysheep_steamy, layout_loops_ring

Skill      XL: |  1  2  3  4  5  6  7  8 |
---------------+-------------------------+-----
Spellcasting   | 5 |  5.9
Invocations    | 1 2 3 |  3.4
Fighting       | 1 2 3 |  3.1
Short Blades   | 1 2 3 |  3.1
Long Blades    | 1 2 3 |  3.1
Axes           | 1 2 3 |  3.1
Maces & Flails | 1 2 3 |  3.1
Polearms       | 1 2 3 |  3.1
Staves         | 1 2 3 |  3.1
Slings         | 1 2 3 |  3.1
Bows           | 1 2 3 |  3.1
Crossbows      | 1 2 3 |  3.1
Throwing       | 1 2 3 |  3.1
Armour         | 1 2 3 |  3.1
Shields        | 1 2 3 |  3.1
Unarmed Combat | 1 2 3 |  3.1
Evocations     | 1 2 3 |  3.1
Conjurations   | 1 2 |  2.5
Hexes          | 1 2 |  2.5
Summonings     | 1 2 |  2.5
Necromancy     | 1 2 |  2.5
Translocations | 1 2 |  2.5
Transmutations | 1 2 |  2.5
Fire Magic     | 1 2 |  2.5
Air Magic      | 1 2 |  2.5
Earth Magic    | 1 2 |  2.5
Poison Magic   | 1 2 |  2.5
Dodging        | 5 |  5.6
Stealth        | 5 |  5.2
Ice Magic      | |  7.6

Action                   |  1- 3 |  4- 6 |  7- 9 || total
-------------------------+-------+-------+-------++-------
Melee: Hand axe          |    76 |    45 |       ||   121
       Bite              |     8 |    12 |    14 ||    34
       Dagger            |       |    61 |    75 ||   136
       Punch             |       |       |     2 ||     2
Throw: Boomerang         |       |       |     2 ||     2
 Cast: Freeze            |    20 |    30 |     7 ||    57
       Frozen Ramparts   |       |     4 |     7 ||    11
       Hailstorm         |       |       |     5 ||     5
       Summon Ice Beast  |       |       |     1 ||     1
  Use: Potion            |       |     1 |     5 ||     6
       Scroll            |       |       |     5 ||     5
 Stab: Sleeping          |     5 |    10 |     3 ||    18
       Distracted        |     1 |       |       ||     1
Armor: Robe              |    16 |    11 |     5 ||    32
Dodge: Dodged            |    85 |    74 |    27 ||   186

Table legend: (Time is in decaauts)
 A = Elapsed time spent in this place.
 B = Non-inter-level travel time spent in this place.
 C = Inter-level travel time spent in this place.
 D = Time resting spent in this place.
 E = Time spent auto-exploring this place.
 F = Levels seen in this place.
 G = Mean time per level.
                   A        B        C        D        E       F      G
               +--------+--------+--------+--------+--------+-----+--------+
         Total |   5358 |   5233 |    125 |    297 |   4104 |   6 |  893.0 |
       Dungeon |   5358 |   5233 |    125 |    297 |   4104 |   6 |  893.0 |
               +--------+--------+--------+--------+--------+-----+--------+

Top non-repeatable levels by time:
     D:4: 1531 daAuts
     D:3: 1338 daAuts
     D:1: 1060 daAuts
     D:2: 1016 daAuts
     D:6: 258 daAuts
     D:5: 153 daAuts
